 Dungeon Crawl Stone Soup version 0.30-a0-996-ga6910c8ee8 (webtiles) character file.

Game seed: 17201927086430292481

1224 xian the Cudgeller (level 8, -3/68 HPs)
             Began as a White Draconian Monk on Apr 4, 2023.
             Slain by an orc warrior
             ... wielding a +0 glaive
              (7 damage)
             ... on level 6 of the Dungeon.
             The game lasted 00:14:36 (4676 turns).

xian the Cudgeller (White Draconian Monk)           Turns: 4676, Time: 00:14:37

Health: -3/68      AC:  8    Str: 17    XL:     8   Next: 23%
Magic:  8/8        EV: 13    Int: 10    God:
Gold:   228        SH:  0    Dex: 13    Spells: 7/7 levels left

rFire   . . .      SeeInvis .    w - +3 flail
rCold   + + .      Faith    .    (no shield)
rNeg    + . .      Spirit   .    (body armour unavailable)
rPois   .          Reflect  .    (helmet restricted)
rElec   .          Rampage  .    (no cloak)
rCorr   .                        (no gloves)
Will    .....                    i - +1 pair of boots
Stlth   ++                       A - amulet "Cexux" {RegenMP +Inv}
HPRegen 0.31/turn                s - ring of protection from cold
MPRegen 0.51/turn                k - ring of positive energy

@: no status effects
A: breathe frost, AC +6, unfitting armour, cold resistance 1, cold-blooded
a: Breathe Frost, Evoke Invisibility


You were on level 6 of the Dungeon.
You visited 1 branch of the dungeon, and saw 6 of its levels.

You collected 228 gold pieces.

Inventory:

Hand Weapons
 a - a +0 hand axe
 w - a +3 flail (weapon)
Missiles
 l - 4 boomerangs
 u - 7 curare-tipped darts
 z - 3 poisoned darts
Armour
 i - a +1 pair of boots (worn)
Jewellery
 g - a ring of magical power
 k - a ring of positive energy (right hand)
 s - a ring of protection from cold (left hand)
 v - a ring of wizardry
 A - the amulet "Cexux" (around neck) {RegenMP +Inv}
   (You found it on level 5 of the Dungeon)

   [amulet of magic regeneration]

   It increases your rate of magic regeneration.
   +Inv:      It lets you turn invisible.
Wands
 p - a wand of acid (9)
 B - a wand of roots (6)
Scrolls
 e - 2 scrolls of poison {unknown}
 j - 5 scrolls of teleportation {unknown}
 o - a scroll of immolation
 q - a scroll of butterflies
 r - a scroll of acquirement {unknown}
 t - 2 scrolls of fog
 y - a scroll of blinking {unknown}
Potions
 b - 2 potions of ambrosia
 c - a potion of cancellation {unknown}
 d - 2 potions of brilliance {unknown}
 f - 2 potions of might {unknown}
 h - 4 potions of curing {unknown}
 m - a potion of lignification {unknown}
 n - 3 potions of heal wounds {unknown}
 x - a potion of flight {unknown}


   Skills:
 + Level 5.2 Fighting
 - Level 5.1(6.6) Axes
 * Level 6.3(7.2) Maces & Flails
 + Level 0.4 Throwing
 + Level 4.5 Dodging
 + Level 3.0 Stealth


You had 7 spell levels left.
You didn't know any spells.
Your spell library contained the following spells:

 Spells                   Type           Power      Damage    Failure   Level
 Ozocubu's Armour         Ice            0%         N/A       75%         3
 Ozocubu's Refrigeration  Ice            0%         4d7       100%        7


Dungeon Overview and Level Annotations

Branches:
Dungeon (6/15)
 Temple: D:4-7

Altars:
Hepliaklqana


Innate Abilities, Weirdness & Mutations

You can breathe waves of freezing cold which knock back foes.
Your icy white scales are hard. (AC +6)
You cannot fit into any form of body armour.
Your flesh is cold resistant. (rC+)
You are cold-blooded and may be slowed by cold attacks.


Message History

a +0 mace; an orc corpse
There is a stone staircase leading down here.
HP restored.
Done exploring.
You climb downwards.
The orc warrior hits you from afar with a +0 glaive!!
There is a stone staircase leading up, spattered with blood here.
You exhale a wave of freezing cold.
The freezing breath hits the orc warrior.
The orc warrior is lightly wounded.
The orc warrior is knocked back by the freezing wind.
The orc warrior slams into the rock wall!
The orc warrior is moderately wounded.
The freezing breath misses the orc warrior.
Aiming: Corrosive Bolt
Press: ? - help, Shift-Dir - straight line, f/p - orc warrior
Aim: an orc warrior, wielding a +0 glaive and wearing a +0 plate armour (moderately wounded, 71% to hit)
The bolt of acid hits the orc warrior!
The orc warrior is severely wounded.
The orc warrior misses you.
You closely miss the orc warrior.
The orc warrior is severely wounded.
You have got your breath back.
The orc warrior hits you with a +0 glaive!
You hit the orc warrior but do no damage.
The orc warrior is severely wounded.
The orc warrior hits you with a +0 glaive!!
* * * LOW HITPOINT WARNING * * *
You hit the orc warrior but do no damage.
The orc warrior is severely wounded.
The orc warrior hits you with a +0 glaive.
* * * LOW HITPOINT WARNING * * *
You hit the orc warrior.
Your tail-slap misses the orc warrior.
The orc warrior is almost dead.
The orc warrior hits you with a +0 glaive!
* * * LOW HITPOINT WARNING * * *
The orc wizard points at you and mumbles some strange words.
You resist with some effort.
The orc warrior hits you from afar with a +0 glaive!
You die...

### ...## ####
....## ##..#
......
#...##..#.$.
#...#.......
###......#....
.#....@........
................
.....##..o.o....
..... #....#.##.
.... ###..#...
... ..# ... #..
... .. ..## ..#


You could see an orc warrior and an orc wizard.

Vanquished Creatures
  Grinder (D:5)
  Sigmund (D:3)
  3 phantoms
  A scorpion (D:4)
  A howler monkey (D:4)
  2 jellies
  An orc priest (D:4)
  2 hounds (D:5)
  A gnoll bouda (D:5)
  A sleepcap (D:5)
  3 iguanas
  2 orc wizards (D:4)
  5 gnolls (D:5)
  5 adders
  A shadow imp (D:5)
  A white imp (D:5)
  A worm (D:2)
  A dart slug (D:4)
  23 orcs
  11 ball pythons
  5 endoplasms
  4 giant cockroaches
  11 goblins
  5 hobgoblins
  3 jackals (D:2)
  5 quokkas
  4 bats
  5 frilled lizards
  6 kobolds
  5 rats
120 creatures vanquished.

Notes
Turn   | Place    | Note
-------+----------+-------------------------------------------
     0 | D:1      | xian the Draconian Monk began the quest for the Orb.
     0 | D:1      | Reached XP level 1. HP: 19/19 MP: 1/1
   193 | D:1      | Reached XP level 2. HP: 26/26 MP: 2/2
   978 | D:2      | Reached XP level 3. HP: 33/33 MP: 3/3
  1162 | D:2      | Found a faded altar of an unknown god.
  1571 | D:3      | Identified the +0 robe of the Bagpipe {Rampage Int+3 Dex+3}
  1626 | D:3      | Reached XP level 4. HP: 37/40 MP: 4/4
  1790 | D:3      | Noticed Sigmund
  1799 | D:3      | Killed Sigmund
  1800 | D:3      | Reached skill level 5 in Axes
  1800 | D:3      | Reached XP level 5. HP: 43/47 MP: 5/5
  2232 | D:4      | Reached XP level 6. HP: 27/53 MP: 6/6
  2368 | D:4      | Reached skill level 1 in Maces & Flails
  2416 | D:4      | Reached skill level 2 in Maces & Flails
  2634 | D:4      | Reached skill level 3 in Maces & Flails
  2862 | D:4      | Your scales start taking on an icy white colour.
  2862 | D:4      | Reached XP level 7. HP: 48/60 MP: 7/7
  2862 | D:4      | Gained mutation: Your flesh is cold resistant. (rC+) [White
                  | Draconian growth]
  3403 | D:4      | Reached skill level 4 in Maces & Flails
  3675 | D:5      | Entered Level 5 of the Dungeon
  3969 | D:5      | Identified the amulet "Cexux" {RegenMP +Inv}
  4133 | D:5      | Reached skill level 5 in Maces & Flails
  4184 | D:5      | Found a hazy altar of Hepliaklqana.
  4251 | D:5      | Reached skill level 5 in Fighting
  4375 | D:5      | Reached XP level 8. HP: 68/68 MP: 8/8
  4444 | D:6      | Noticed Grinder
  4453 | D:6      | Paralysed by Grinder for 5 turns
  4468 | D:5      | Paralysed by Grinder for 2 turns
  4484 | D:5      | Killed Grinder
  4485 | D:5      | Reached skill level 6 in Maces & Flails
  4676 | D:6      | Slain by an orc warrior

Illustrated notes

Levels and vault maps discovered:
D:1:      roderic_crossed_star, layout_loops_ring, nrook_mini_backslash
D:2:      layout_rooms, hellmonk_ecumenical_altar_lost_god
D:3:      layout_basic, uniq_sigmund
D:4:      minmay_evil_eye, layout_basic
D:5:      layout_loops_ring, mainiacjoe_overflow_small_starburst
D:6:      layout_cave_pools, nzn_overflow_gifts_of_might_and_magic,
          temple_pool_b, kennysheep_generic_room_2, uniq_maggie, uniq_grinder

Skill      XL: |  1  2  3  4  5  6  7  8 |
---------------+-------------------------+-----
Dodging        | 3 4 |  4.5
Stealth        | 2 3 |  3.0
Axes           | 5 |  5.1
Fighting       | 4 5 |  5.2
Maces & Flails | 3 5 6 |  6.3
Throwing       | |  0.4

Action                     |  1- 3 |  4- 6 |  7- 9 || total
---------------------------+-------+-------+-------++-------
  Melee: Hand axe          |   137 |    30 |       ||   167
         Tailslap          |    21 |    12 |    18 ||    51
         Punch             |     1 |     1 |     3 ||     5
         Flail             |       |    79 |   123 ||   202
  Throw: Dart              |       |     3 |       ||     3
Ability: Breathe Frost     |       |       |    17 ||    17
  Evoke: Wand              |       |       |     2 ||     2
    Use: Scroll            |       |     5 |       ||     5
   Stab: Sleeping          |     5 |     2 |     1 ||     8
 Armour: Skin              |    48 |    44 |    35 ||   127
  Dodge: Dodged            |    91 |    93 |    88 ||   272

Table legend: (Time is in decaauts)
 A = Elapsed time spent in this place.
 B = Non-inter-level travel time spent in this place.
 C = Inter-level travel time spent in this place.
 D = Time resting spent in this place.
 E = Time spent auto-exploring this place.
 F = Levels seen in this place.
 G = Mean time per level.
                   A        B        C        D        E       F      G
               +--------+--------+--------+--------+--------+-----+--------+
         Total |   4725 |   4692 |     33 |      0 |   3310 |   6 |  787.5 |
       Dungeon |   4725 |   4692 |     33 |      0 |   3310 |   6 |  787.5 |
               +--------+--------+--------+--------+--------+-----+--------+

Top non-repeatable levels by time:
     D:4: 1490 daAuts
     D:5: 986 daAuts
     D:1: 981 daAuts
     D:3: 713 daAuts
     D:2: 531 daAuts
     D:6: 23 daAuts
